 Dungeon Crawl Stone Soup version 0.14.2 (webtiles) character file.

183 Trafet the Ruffian (level 3, -1/31 HPs)
             Began as a Troll Wizard on Apr 19, 2015.
             Slain by Crazy Yiuf
             ... wielding a +2,+4 quarterstaff of chaos
              (3 damage)
             ... on Level 2 of the Dungeon.
             The game lasted 00:03:14 (1320 turns).

Trafet the Ruffian (Troll Wizard)                   Turns: 1320, Time: 00:03:14

HP  -1/31        AC  5     Str 15      XL: 3   Next: 80%
MP   5/5         EV  7     Int 15      God:
Gold 123         SH 14     Dex  8      Spells:  1 memorised,  5 levels left

rFire  . . .     SeeInvis .       - Unarmed
rCold  . . .     Clarity  .     s - +0 robe
rNeg   . . .     Conserve .     o - +0 shield
rPois  .         rCorr    .     b - +0 hat
rElec  .         rRot     .     (no cloak)
SustAb . .       Spirit   .     (gloves unavailable)
rMut   .         Warding  .     (boots unavailable)
Gourm  +         Stasis   .     (no amulet)
MR     .....                    (no ring)
                                (no ring)

@: not resistant to hostile enchantments, unstealthy
A: unfitting armour, claws 3, fast metabolism 3, gourmand, regeneration 2,
saprovore 2, shaggy fur 1, tough skin 2
a: no special abilities


You were on level 2 of the Dungeon.
You were full.

You visited 1 branch of the dungeon, and saw 2 of its levels.

You collected 123 gold pieces.

Inventory:

Armour
 b - a +0 hat (worn)
 o - a +0 shield (worn)
 r - a +0 robe
 s - a +0 robe (worn)
Magical devices
 u - a wand of polymorph (10) {unknown}
Comestibles
 a - 2 bread rations
 d - 3 meat rations
 v - a rotting chunk of hobgoblin flesh
 w - a rotting chunk of bat flesh
 x - 2 rotting chunks of goblin flesh
 A - a rotting chunk of goblin flesh
 B - 3 chunks of hobgoblin flesh
 C - a chunk of giant newt flesh
Scrolls
 e - a scroll of fear {unknown}
 g - a scroll of amnesia {unknown}
 h - 2 scrolls of teleportation {unknown}
 j - 2 scrolls of immolation {unknown}
 l - 3 scrolls of identify {unknown}
 q - a scroll of random uselessness {unknown}
 t - 2 scrolls of remove curse {unknown}
 y - a scroll of fog {unknown}
Potions
 f - 2 potions of heal wounds {unknown}
 i - a potion of flight {unknown}
 k - 2 potions of curing {unknown}
 m - a potion of magic {unknown}
 n - a potion of haste {unknown}
 p - a potion of agility {unknown}
 z - a potion of mutation {unknown}
Books
 c - a book of Minor Magic

   Spells                             Type                      Level
   *Magic Dart                        Conjuration                  1
   Blink                              Translocation                2
   Call Imp                           Summoning                    2
   Repel Missiles                     Charms/Air                   2
   Slow                               Hexes                        2
   Conjure Flame                      Conjuration/Fire             3
   Mephitic Cloud                     Conjuration/Poison/Air       3


   Skills:
 - Level 1.5 Dodging
 - Level 1.1 Stealth
 + Level 1.4 Shields
 + Level 2.8 Unarmed Combat
 - Level 2.0 Spellcasting
 - Level 0.6 Conjurations
   Level 0.6 Summonings
   Level 0.6 Translocations


You had 5 spell levels left.
You knew the following spells:

 Your Spells              Type           Power        Failure   Level  Hunger
a - Magic Dart            Conj           #...         78%         1    #......


Dungeon Overview and Level Annotations

Branches:
Dungeon (2/15)

Altars:

Annotations:
D:2 Crazy Yiuf


Innate Abilities, Weirdness & Mutations

You are too large for most types of armour.
You have claws for hands.
Your metabolism is lightning-fast.
You like to eat raw meat.
You heal very quickly.
You can eat rotten meat.
You are covered in fur (AC +1).
You have very tough skin (AC +2).


Message History

Found a hammer.
Crazy Yiuf comes into view.
He is wielding a quarterstaff of chaos.
You hit Crazy Yiuf.
Crazy Yiuf begins to bleed from his wounds!
Crazy Yiuf is moderately wounded.
Crazy Yiuf barely misses you.
Crazy Yiuf hits you with a quarterstaff of chaos!
You claw Crazy Yiuf!
Crazy Yiuf is severely wounded.
Crazy Yiuf hits you but does no damage.
You are electrocuted!
Ouch! That really hurt!
* * * LOW HITPOINT WARNING * * *
You completely miss Crazy Yiuf.
Crazy Yiuf is severely wounded.
You block Crazy Yiuf's attack.
Unknown command.
You hit Crazy Yiuf.
Crazy Yiuf is almost dead.
Crazy Yiuf hits you with a quarterstaff of chaos.
You die...

### .)# ..# ##### ..
#.... .# #.... ##.
#######.... #g#
#.......... ##@#
#.......... #.##
#.#####.... ##.## #.#
#.... #.ff## #)#
#.... #f)ff# #.#
#..). #..).# #.#
#####
###....####.#########
#....................
#...#.......#########


You could see Crazy Yiuf (bleeding).

Vanquished Creatures
  Ijyb (D:2)
  7 hobgoblins
  3 jackals (D:1)
  4 bats
  3 giant cockroaches (D:2)
  2 giant newts
  12 goblins
  3 kobolds
  4 rats (D:1)
39 creatures vanquished.

Notes
Turn   | Place    | Note
--------------------------------------------------------------
     0 | D:1      | Trafet, the Troll Wizard, began the quest for the Orb.
     0 | D:1      | Reached XP level 1. HP: 16/16 MP: 3/3
    45 | D:1      | Reached skill level 1 in Unarmed Combat
   172 | D:1      | Reached XP level 2. HP: 24/24 MP: 3/3
   888 | D:2      | Reached XP level 3. HP: 31/31 MP: 5/5
   937 | D:2      | Noticed Ijyb
   949 | D:2      | Killed Ijyb
   949 | D:2      | Reached skill level 1 in Shields
  1312 | D:2      | Noticed Crazy Yiuf
  1318 | D:2      | HP: 1/31 [Crazy Yiuf/quarterstaff of chaos (19)]
  1320 | D:2      | Slain by Crazy Yiuf

Action                   || total
-------------------------++-------
Melee: Unarmed           ||   120
